 Dungeon Crawl Stone Soup version 0.25.1-2-g60ff931df9 (webtiles) character file.

Game seed: 13790374070727540134

594 hawla the Slasher (level 7, -2/58 HPs)
             Began as a Minotaur Gladiator on Nov 5, 2020.
             Killed from afar by Pikel (17 damage)
             ... with a bolt of acid
             ... on level 5 of the Dungeon.
             The game lasted 00:08:10 (3902 turns).

hawla the Slasher (Minotaur Gladiator)              Turns: 3902, Time: 00:08:11

Health: -2/58      AC:  6    Str: 20    XL:     7   Next: 16%
Magic:  6/6        EV: 13    Int:  5    God:
Gold:   173        SH:  5    Dex: 12    Spells: 6/6 levels left

rFire    + . .     SeeInvis .   k - +0 dagger (elec)
rCold    + . .     Gourm    .   (no shield)
rNeg     . . .     Faith    .   m - +1 ring mail {rF+}
rPois    .         Spirit   .   c - +0 hat
rElec    .         Reflect  +   (no cloak)
rCorr    .         Harm     .   (no gloves)
MR       +....                  (no boots)
Stlth    +.........             e - amulet of reflection
HPRegen  0.19/turn              b - ring of protection from magic
MPRegen  0.10/turn              n - ring of protection from cold

@: no status effects
A: retaliatory headbutt, horns 2
a: no special abilities


You were on level 5 of the Dungeon.
You were hungry.

You visited 1 branch of the dungeon, and saw 5 of its levels.

You collected 173 gold pieces.

Inventory:

Hand Weapons
 a - a +0 long sword
 k - a +0 dagger of electrocution (weapon)
Missiles
 d - 3 throwing nets (quivered)
 g - 8 boomerangs
 v - 3 atropa-tipped darts
Armour
 c - a +0 hat (worn)
 m - a +1 ring mail of fire resistance (worn)
Jewellery
 b - a ring of protection from magic (left hand)
 e - an amulet of reflection (around neck)
 n - a ring of protection from cold (right hand)
 p - a +6 ring of intelligence
Wands
 w - a wand of iceblast (6)
Scrolls
 i - 2 scrolls of fog
 j - 2 scrolls of enchant armour
 l - a scroll of identify
 s - a scroll of remove curse
 u - a scroll of fear
 x - 2 scrolls of teleportation
Potions
 h - a potion of haste
 o - 2 potions of flight {unknown}
 q - a potion of curing
 r - 2 potions of berserk rage
 t - a potion of experience {unknown}
 z - a potion of degeneration {unknown}
Comestibles
 f - 9 rations


   Skills:
 + Level 3.7 Fighting
 + Level 1.5(3.9) Short Blades
 + Level 6.3(6.4) Long Blades
 + Level 2.2 Throwing
 + Level 3.6 Armour
 * Level 5.5 Dodging
 + Level 1.2 Stealth


You had 6 spell levels left.
You didn't know any spells.
Your spell library was empty.

Dungeon Overview and Level Annotations

Branches:
Dungeon (5/15)
 Temple: D:4-7

Altars:
Dithmenos
Uskayaw
Vehumet

Annotations:
D:5 Pikel


Innate Abilities, Weirdness & Mutations

You reflexively headbutt those who attack you in melee.
You have a pair of horns on your head.


Message History

The slave hits you.
The centaur shoots an arrow.
The arrow hits you.
Pikel zaps a wand.
The bolt of acid hits you!
You are splashed with acid!
The slave hits you.
* * * LOW HITPOINT WARNING * * *
The centaur shoots an arrow.
The arrow barely misses you.
Found a flail.
You see here an arrow.
The centaur unwields a +0 shortbow.
The centaur hits you but does no damage.
You block Pikel's attack. The centaur hits you.
* * * LOW HITPOINT WARNING * * *
Pikel hits you with a +0 whip of freezing.
* * * LOW HITPOINT WARNING * * *
Pikel freezes you.
* * * LOW HITPOINT WARNING * * *
You feel better. You block the centaur's attack. The slave hits you.
* * * LOW HITPOINT WARNING * * *
You block the centaur's attack.
Pikel zaps a wand.
The bolt of acid hits you!
You die...

#.#....#### ##.#
#.#........ ...
#.#...##### #..
#.#..## #####..##
#.#..#
#.).....######.#..#
#.......#......#..#
..........(#####..#
.......@pp.(......#
#......cKp.#####.##
#.......#.## #.
........#p#
.#.....##.# ...##..
... ..# ### ... ..
....#


You could see Pikel, 4 slaves and a centaur.

Vanquished Creatures
  Duvessa (D:4)
  Dowan (D:4)
  A scorpion (D:4)
  A crimson imp (D:5)
  A hound (D:4)
  A jelly (D:5)
  An orc wizard (D:3)
  A bullfrog skeleton (D:2)
  2 worker ants (D:4)
  6 adders
  2 oozes
  An adder skeleton (D:4)
  3 worms
  2 dart slugs (D:1)
  A leopard gecko (D:2)
  14 orcs
  14 bats
  3 giant cockroaches
  7 hobgoblins
  7 jackals
  3 quokkas
  A ball python (D:4)
  A frilled lizard (D:1)
  13 goblins
  12 kobolds
  7 rats
107 creatures vanquished.

Notes
Turn   | Place    | Note
-------+----------+-------------------------------------------
     0 | D:1      | hawla the Minotaur Gladiator began the quest for the Orb.
     0 | D:1      | Reached XP level 1. HP: 18/18 MP: 0/0
   196 | D:1      | Reached skill level 4 in Long Blades
   196 | D:1      | Reached XP level 2. HP: 25/25 MP: 1/1
   470 | D:1      | Reached XP level 3. HP: 30/30 MP: 2/2
  1090 | D:2      | Reached skill level 1 in Armour
  1090 | D:2      | Reached XP level 4. HP: 37/37 MP: 3/3
  1232 | D:2      | Found a shadowy altar of Dithmenos.
  1727 | D:3      | Reached XP level 5. HP: 40/42 MP: 4/4
  1823 | D:3      | Reached skill level 5 in Long Blades
  1949 | D:3      | Reached skill level 1 in Short Blades
  2565 | D:4      | Reached skill level 5 in Dodging
  2890 | D:4      | Reached XP level 6. HP: 51/51 MP: 5/5
  3035 | D:4      | Found a hide-covered altar of Uskayaw.
  3182 | D:4      | Reached skill level 1 in Stealth
  3365 | D:4      | Noticed Duvessa
  3366 | D:4      | Noticed Dowan
  3392 | D:4      | Killed Duvessa
  3392 | D:4      | Reached skill level 6 in Long Blades
  3405 | D:4      | Killed Dowan
  3405 | D:4      | Reached XP level 7. HP: 38/57 MP: 6/6
  3621 | D:4      | Found a radiant altar of Vehumet.
  3740 | D:5      | Entered Level 5 of the Dungeon
  3895 | D:5      | Noticed Pikel
  3902 | D:5      | Killed from afar by Pikel

Illustrated notes

Levels and vault maps discovered:
D:1:      evilmike_arrival_hilbert_curve, layout_rooms
D:2:      layout_basic, lemuel_coloured_pillars_altar
D:3:      layout_basic, st_stairs_11
D:4:      layout_basic, vehumet_crystals, nicolae_overflow_crystal_walls,
          first_ration, uniq_duvessa
D:5:      layout_loops_ring, tso_metal_star, uniq_pikel

Skill      XL: |  1  2  3  4  5  6 |
---------------+-------------------+-----
Long Blades    | 4 5 6 |  6.3
Dodging        | 4 5 |  5.5
Armour         | 1 2 3 |  3.6
Short Blades   | 1 |  1.5
Fighting       | 3 |  3.7
Stealth        | 1 |  1.2
Throwing       | |  2.2

Action                   |  1- 3 |  4- 6 |  7- 9 || total
-------------------------+-------+-------+-------++-------
Melee: Long sword        |    32 |    67 |       ||    99
       Headbutt          |    11 |    23 |     2 ||    36
       Dagger            |    57 |    73 |    10 ||   140
  Use: Scroll            |     4 |     6 |     1 ||    11
       Potion            |       |       |     1 ||     1
 Stab: Sleeping          |       |     1 |       ||     1
  Eat: Chunk             |     1 |     6 |     2 ||     9
Armor: Leather armour    |     4 |    10 |       ||    14
       Ring mail         |    36 |    16 |     2 ||    54
Dodge: Dodged            |    70 |    92 |     6 ||   168
Block: Other             |    17 |    28 |     5 ||    50
       Reflection        |     1 |     1 |       ||     2
       Rpst.: Long sword |    15 |    17 |       ||    32
